 Dungeon Crawl Stone Soup version 0.20-a0-540-ge6d1839 (webtiles) character file.

130 Alarkh the Chopper (level 4, 0/35 HPs)
             Began as a Demonspawn Monk on Jan 29, 2017.
             Slain by Natasha (3 damage)
             ... on level 1 of the Dungeon.
             The game lasted 00:03:34 (3479 turns).

Alarkh the Chopper (Demonspawn Monk)                Turns: 3479, Time: 00:03:34

Health: 0/35       AC:  5    Str: 12    XL:     4   Next: 90%
Magic:  4/4        EV: 12    Int: 12    God:
Gold:   90         SH:  0    Dex: 15    Spells: 3/3 levels left

rFire    . . .     SeeInvis .   a - +0 hand axe
rCold    + . .     Gourm    .   j - +2 leather armour {rC+}
rNeg     . . .     Faith    .   (no shield)
rPois    .         Spirit   .   (helmet restricted)
rElec    .         Reflect  .   (no cloak)
rCorr    +         Harm     .   (no gloves)
MR       .....                  (no boots)
Stlth    ++........             (no amulet)
Regen    0.2/turn               (no ring)
                                l - ring of resist corrosion

@: slowed, very slow
A: horns 1
a: no special abilities


You were on level 1 of the Dungeon.
You were not hungry.

You visited 1 branch of the dungeon, and saw 2 of its levels.

You collected 90 gold pieces.

Inventory:

Hand Weapons
 a - a +0 hand axe (weapon)
Armour
 b - a +0 robe
 j - a +2 leather armour of cold resistance (worn)
Jewellery
 l - a ring of resist corrosion (left hand)
Scrolls
 d - a scroll of teleportation {unknown}
 e - a scroll of enchant weapon {unknown}
 g - a scroll of identify {unknown}
 h - a scroll of fog {unknown}
 k - a scroll of recharging


   Skills:
 - Level 3.0 Fighting
 + Level 5.1 Axes
 - Level 2.6 Dodging
 - Level 1.7 Stealth


You had 3 spell levels left.
You didn't know any spells.

Dungeon Overview and Level Annotations

Branches:
Dungeon (2/15)

Altars:
Cheibriados

Annotations:
D:1 Natasha


Innate Abilities, Weirdness & Mutations

You have a pair of small horns on your head.


Message History

The leopard gecko hisses menacingly.
The leopard gecko misses you.
Natasha zaps a wand.
Nothing appears to happen.
Natasha growls.
The leopard gecko closely misses you. Natasha barely misses you.
Natasha hisses.
Natasha claws you.
* * * LOW HITPOINT WARNING * * *
The leopard gecko bites you.
* * * LOW HITPOINT WARNING * * *
There is a stone staircase leading down here.
You hit Natasha but do no damage.
Natasha is heavily wounded.
You barely miss the leopard gecko. The leopard gecko bites you.
* * * LOW HITPOINT WARNING * * *
Natasha barely misses you.
The leopard gecko hisses menacingly.
The leopard gecko closely misses you. Natasha claws you.
You die...

,,,* *,,,,,,,,* ,,,** *,,,,,,,,*
,,,,* *,,,,,[,,*
,,,,***,,,,,,,,######
*,,,,**,,,,,,,,#....#
*,,,,',,,,,,,,,#....#
*,,,,*,*,******#....# ******,*,*
#....#
*,,,,*,***####@l..###########**
***,,,,*,........h.............,,
,,,,,*,**#######...).......####**
,,,,,,,,,,,,...................,,
,,,,,*,*****########...........,,
,,,,,*,*,,,,,#...####.#####....,,
***,**,*,***,*,#........# *....,,
,,,,,,,*,***,#,######.#.# *,...,,
,,,,,,,*,,,,>*.#......#.# *,,..,,


You could see Natasha and a leopard gecko.

Vanquished Creatures
  Natasha (D:1)
  Robin (D:2)
  2 adders (D:1)
  4 dart slugs
  6 bats (D:1)
  3 giant cockroaches (D:1)
  15 goblins
  10 hobgoblins
  3 jackals (D:1)
  A ball python (D:2)
  A frilled lizard (D:2)
  7 kobolds
  2 leopard gecko zombies (D:1)
  6 rats (D:1)
62 creatures vanquished.

Notes
Turn   | Place    | Note
-------+----------+-------------------------------------------
     0 | D:1      | Alarkh the Demonspawn Monk began the quest for the Orb.
     0 | D:1      | Reached XP level 1. HP: 18/18 MP: 1/1
   102 | D:1      | Reached skill level 3 in Axes
   152 | D:1      | Gained mutation: You have a pair of small horns on your head. [demonic ancestry]
   152 | D:1      | Reached XP level 2. HP: 21/24 MP: 2/2
   691 | D:1      | Reached XP level 3. HP: 29/29 MP: 3/3
  1030 | D:1      | Reached skill level 4 in Axes
  1691 | D:2      | Found a snail-covered altar of Cheibriados.
  1813 | D:2      | Reached XP level 4. HP: 24/35 MP: 4/4
  1891 | D:2      | Noticed Robin
  1943 | D:2      | Killed Robin
  1986 | D:2      | Noticed Natasha
  2237 | D:1      | Killed Natasha
  2237 | D:1      | Reached skill level 5 in Axes
  2368 | D:1      | Noticed Natasha
  3479 | D:1      | Slain by Natasha

Vault maps used:
D:1:      saegor_arrival_fortress
D:2:      cheibriados_altar_1, nicolae_dithmenos_through_a_glass_darkly,
          uniq_natasha, uniq_robin

Skill      XL: |  1  2  3  4 |
---------------+-------------+-----
Axes           | 3 4 5 |  5.1
Fighting       | |  3.0
Dodging        | |  2.6
Stealth        | |  1.7

Action                   |  1- 3 |  4- 6 || total
-------------------------+-------+-------++-------
Melee: Hand axe          |   151 |    51 ||   202
       Headbutt          |    29 |     6 ||    35
       Unarmed           |       |    25 ||    25
  Use: Potion            |     1 |     1 ||     2
       Scroll            |       |     1 ||     1
 Stab: Sleeping          |     3 |       ||     3
  Eat: Chunk             |     3 |     1 ||     4
       Bread ration      |       |     1 ||     1
Armor: Robe              |     6 |       ||     6
       Leather armour    |    37 |    10 ||    47
       Skin              |       |     4 ||     4
Dodge: Dodged            |   119 |    62 ||   181
